 Dungeon Crawl Stone Soup version 0.29.1-2-gbd0b4ee654 (webtiles) character file.

Game seed: 2238182628943443038

3031 LustLizard the Cleaver (level 9, -6/79 HPs)
             Began as a Hill Orc Monk on Nov 14, 2022.
             Mangled by a swamp worm (8 damage)
             ... on level 7 of the Dungeon.
             The game lasted 00:24:28 (12498 turns).

LustLizard the Cleaver (Hill Orc Monk)             Turns: 12498, Time: 00:24:29

Health: -6/79      AC: 10    Str: 19    XL:     9   Next: 86%
Magic:  22/22      EV: 12    Int: 14    God:
Gold:   408        SH:  0    Dex: 13    Spells: 10/14 levels left

rFire   + . .      SeeInvis .   H - +0 war axe
rCold   x . .      Faith    .   (no shield)
rNeg    . . .      Spirit   .   E - +3 leather armour of a bailey {rPois}
rPois   +          Reflect  .   r - +0 helmet
rElec   .          Harm     .   G - +0 cloak
rCorr   .          Rampage  .   c - +0 pair of gloves
Will    .....                   (no boots)
Stlth   +.........              (no amulet)
HPRegen 0.23/turn               h - ring of magical power
MPRegen 0.18/turn               s - ring of Anoat {Fire Contam Str+3 Int+2}

@: very slow
A: no striking features
a: no special abilities


You were on level 7 of the Dungeon.
You visited 1 branch of the dungeon, and saw 7 of its levels.

You collected 408 gold pieces.

Inventory:

Hand Weapons
 a - a +0 hand axe
 H - a +0 war axe (weapon)
Missiles
 b - 4 throwing nets
 e - 38 stones (quivered)
 q - 31 poisoned darts
Armour
 c - a +0 pair of gloves (worn)
 k - a +0 chain mail
 r - a +0 helmet (worn)
 w - a +0 scale mail
 E - the +3 leather armour of a bailey (worn) {rPois}
   (You found it on level 4 of the Dungeon)

   rPois:     It protects you from poison.
 G - a +0 cloak (worn)
 I - a +1 ring mail of cold resistance
Jewellery
 h - a ring of magical power (left hand)
 s - the ring of Anoat (right hand) {Fire Contam Str+3 Int+2}
   (You found it on level 2 of the Dungeon)

   [ring of fire]

   It enhances your fire magic.
   Str:       It affects your strength (+3).
   Int:       It affects your intelligence (+2).
   rF:        It protects you from fire.
   rC:        It makes you vulnerable to cold.
   Contam:    It causes magical contamination when unequipped.
 F - a ring of protection from fire
Wands
 x - a wand of roots (2)
Scrolls
 i - a scroll of enchant weapon {unknown}
 o - a scroll of teleportation
 u - a scroll of blinking {unknown}
 y - 2 scrolls of fear
 z - a scroll of summoning {unknown}
 A - 2 scrolls of fog {unknown}
 B - a scroll of vulnerability {unknown}
 J - a scroll of poison {unknown}
Potions
 d - 4 potions of might
 f - 2 potions of mutation {unknown}
 g - 2 potions of resistance
 j - 3 potions of curing
 l - 2 potions of haste
 m - 2 potions of brilliance {unknown}
 n - a potion of invisibility {unknown}
 p - a potion of degeneration {unknown}
 t - 3 potions of heal wounds {unknown}
 v - a potion of berserk rage {unknown}
 C - a potion of flight {unknown}
 D - 2 potions of attraction {unknown}
 K - a potion of lignification {unknown}


   Skills:
 + Level 7.6 Fighting
 * Level 10.5 Axes
 - Level 1.6 Throwing
 + Level 4.8 Armour
 - Level 2.6 Dodging
 - Level 2.0 Stealth
 - Level 3.0 Spellcasting
 - Level 3.0 Translocations
 - Level 2.9 Air Magic
 - Level 3.2 Poison Magic


You had 10 spell levels left.
You knew the following spells:

 Your Spells              Type           Power      Damage    Failure   Level
a - Blink                 Tloc           20%        N/A       11%         2
b - Poisonous Vapours     Pois/Air       20%        N/A       11%         2

Your spell library contained the following spells:

 Spells                   Type           Power      Damage    Failure   Level
 Sting                    Tmut/Pois      24%        1d4       13%         1
 Olgreb's Toxic Radiance  Pois           11%        N/A       54%         4
 Corpse Rot               Necr/Pois/Air  7%         N/A       71%         4
 Manifold Assault         Tloc           10%        N/A       89%         5
 Storm Form               Tmut/Air       3%         N/A       100%        7


Dungeon Overview and Level Annotations

Branches:
Dungeon (7/15)             Temple (0/1) D:5

Altars:
Cheibriados
Dithmenos
Elyvilon
Gozag
Kikubaaqudgha
Makhleb
Nemelex Xobeh
Qazlal
Sif Muna
Vehumet
Yredelemnul
Zin
The Shining One

Shops:
D:3 [

Annotations:
D:6 Menkaure


Message History

Moving in this stuff is going to be slow. 2 swamp worms come into view.
The swamp worm fires a harpoon shot at you.
The harpoon shot hits you.
You are yanked forward by the harpoon shot.
Splash!
You see here a staff of poison.
You slash the swamp worm!
The swamp worm is moderately wounded.
You hit the swamp worm. The swamp worm bites you!
The swamp worm bites you but does no damage.
You closely miss the swamp worm. Your punch misses the swamp worm.
The swamp worm is moderately wounded.
You slash the swamp worm! The swamp worm bites you. The swamp worm misses you.
You hit the swamp worm.
The swamp worm is moderately wounded.
You hit the swamp worm. The swamp worm barely misses you.
The swamp worm bites you but does no damage.
The swamp worm bites you! The swamp worm misses you.
You slash the swamp worm!
The swamp worm is heavily wounded.
You closely miss the swamp worm. The swamp worm bites you!
The swamp worm bites you but does no damage.
You hit the swamp worm but do no damage.
The swamp worm is heavily wounded.
You hit the swamp worm. The swamp worm bites you!
The swamp worm bites you but does no damage.
You hit the swamp worm.
The swamp worm is severely wounded.
You hit the swamp worm but do no damage.
The swamp worm closely misses you. The swamp worm bites you!!
* * * LOW HITPOINT WARNING * * *
You slash the swamp worm!
The swamp worm is almost dead.
You completely miss the swamp worm. The swamp worm bites you!
* * * LOW HITPOINT WARNING * * *
The swamp worm misses you.
Your unstable footing causes you to fumble your attack.
The swamp worm barely misses you. The swamp worm bites you!
You die...

### . #.. .. #.#
~~~ #.# ~≈~ ##.####
~≈###
##...#.####~~##~##
##.###...#.~~~#~~~#
..##
##....~≈##ww~## #.#
#..#.~~#~~@~~# #.##
##.###~≈##~~~## ~
##.###.##
#~~~#~~~#~~~
##...## #~~##~##~~#
###.# #~≈~~~≈~# #.#
#~~~~~~~# #.#
##~~~~~## #.#
#.##..# #.#
#.....##


You could see 2 swamp worms.

Vanquished Creatures
  Pikel (D:6)
  Prince Ribbit (D:7)
  Sigmund (D:3)
  A swamp worm (D:7)
  A water moccasin (D:7)
  An ice beast (D:4)
  2 black bears
  2 ogres (D:5)
  A sky beast (D:6)
  A centaur (D:7)
  A lemure (D:5)
  2 phantoms (D:4)
  2 kobold brigands
  A necrophage (D:7)
  2 gnoll sergeants
  3 scorpions
  4 killer bees (D:7)
  A hound (D:6)
  A jelly (D:4)
  A gnoll bouda (D:6)
  Jessica (D:3)
  2 iguanas
  An orc wizard (D:6)
  Terence (D:2)
  Robin (D:2)
  7 adders
  12 gnolls
  4 shadow imps
  3 white imps
  5 worms
  3 dart slugs
  10 orcs
  3 endoplasms
  4 giant cockroaches
  13 goblins
  11 hobgoblins
  4 jackals
  21 kobolds
  3 quokkas
  7 ball pythons
  8 bats
  6 frilled lizards
  8 rats
168 creatures vanquished.

Vanquished Creatures (others)
  4 plants (D:7)
4 creatures vanquished.

Grand Total: 172 creatures vanquished

Notes
Turn   | Place    | Note
-------+----------+-------------------------------------------
     0 | D:1      | LustLizard the Hill Orc Monk began the quest for the Orb.
     0 | D:1      | Reached XP level 1. HP: 19/19 MP: 1/1
   366 | D:1      | Reached XP level 2. HP: 27/27 MP: 2/2
   817 | D:1      | Found a faded altar of an unknown god.
  1063 | D:1      | Reached XP level 3. HP: 32/33 MP: 3/3
  1595 | D:2      | Noticed Terence
  1613 | D:2      | Killed Terence
  1614 | D:2      | Reached skill level 5 in Axes
  1614 | D:2      | Reached skill level 1 in Throwing
  1614 | D:2      | Reached XP level 4. HP: 3/40 MP: 4/4
  2086 | D:2      | Noticed Robin
  2099 | D:2      | Killed Robin
  2197 | D:2      | Identified the ring of Anoat {Fire Contam Str+3 Int+2}
  2520 | D:2      | Reached XP level 5. HP: 32/47 MP: 5/5
  2807 | D:2      | Learned a level 2 spell: Blink
  2810 | D:2      | Learned a level 2 spell: Poisonous Vapours
  3608 | D:3      | Found Foyjic's Antique Armour Boutique.
  3675 | D:3      | Noticed Sigmund
  4055 | D:3      | Found a radiant altar of Vehumet.
  4101 | D:3      | Reached skill level 1 in Poison Magic
  4515 | D:3      | Noticed Jessica
  4535 | D:3      | Killed Jessica
  4536 | D:3      | Reached skill level 1 in Translocations
  4536 | D:3      | Reached skill level 1 in Air Magic
  4754 | D:4      | Reached XP level 6. HP: 48/53 MP: 5/6
  4854 | D:4      | Found a snail-covered altar of Cheibriados.
  4855 | D:4      | Found a shimmering blue altar of Sif Muna.
  5063 | D:4      | Found a shadowy altar of Dithmenos.
  5063 | D:4      | Found an ancient bone altar of Kikubaaqudgha.
  5064 | D:4      | Found a basalt altar of Yredelemnul.
  5065 | D:4      | Found a glowing golden altar of the Shining One.
  5065 | D:4      | Found an opulent altar of Gozag.
  5065 | D:4      | Found a sparkling altar of Nemelex Xobeh.
  5066 | D:4      | Found a stormy altar of Qazlal.
  5241 | D:4      | Reached skill level 6 in Axes
  5293 | D:4      | HP: 1/55 [phantom (7)]
  5629 | D:4      | Reached XP level 7. HP: 22/60 MP: 7/7
  6148 | D:4      | Reached skill level 5 in Fighting
  6874 | D:4      | Identified the +3 leather armour of a bailey {rPois}
  7180 | D:4      | Found a glowing silver altar of Zin.
  7180 | D:4      | Found a white marble altar of Elyvilon.
  7242 | D:5      | Entered Level 5 of the Dungeon
  7250 | D:5      | Found a staircase to the Ecumenical Temple.
  7611 | D:5      | Found a burning altar of Makhleb.
  7936 | D:5      | Reached XP level 8. HP: 69/69 MP: 6/8
  8560 | D:3      | Killed Sigmund
  8561 | D:3      | Reached skill level 7 in Axes
  8561 | D:3      | Reached skill level 1 in Armour
  8561 | D:3      | Reached skill level 1 in Spellcasting
  8687 | D:6      | Noticed Menkaure
 10292 | D:6      | Reached skill level 8 in Axes
 10322 | D:6      | Noticed Pikel
 10343 | D:6      | Killed Pikel
 10344 | D:6      | Reached XP level 9. HP: 61/78 MP: 11/13
 11196 | D:6      | Reached skill level 9 in Axes
 11579 | D:7      | Noticed Prince Ribbit
 11592 | D:7      | Killed Prince Ribbit
 11767 | D:7      | Reached skill level 10 in Axes
 12497 | D:7      | HP: 1/79 [swamp worm (16)]
 12498 | D:7      | Mangled by a swamp worm

Illustrated notes

Levels and vault maps discovered:
D:1:      dpeg_arrival_short_road, layout_basic,
          ebering_ecumenical_altar_sacrificial
D:2:      layout_loops_ring, kennysheep_cross_bottleneck, uniq_robin,
          uniq_terence
D:3:      kb_forest_paths, layout_basic, mainiacjoe_overflow_small_starburst,
          serial_shops, shop, minmay_misc_feat_alley, uniq_sigmund, uniq_jessica
D:4:      layout_loops_ring, nicolae_overflows_in_rows
D:5:      layout_cave_pools, bloody_makhleb,
          minmay_temple_entry_statues_fountains
D:6:      layout_rooms, uniq_menkaure, uniq_pikel
D:7:      layout_loops_corners, minivault_22, worms_lemuel, uniq_prince_ribbit1

Skill      XL: |  1  2  3  4  5  6  7  8  9 |
---------------+----------------------------+-----
Fighting       | 4 5 6 7 |  7.6
Stealth        | 2 |  2.0
Axes           | 5 6 8 10 | 10.5
Throwing       | 1 |  1.6
Poison Magic   | 1 2 3 |  3.2
Translocations | 1 2 3 |  3.0
Air Magic      | 1 2 |  2.9
Armour         | 3 4 |  4.8
Spellcasting   | 3 |  3.0
Dodging        | |  2.6

Action                   |  1- 3 |  4- 6 |  7- 9 || total
-------------------------+-------+-------+-------++-------
Melee: Hand axe          |   131 |   269 |   266 ||   666
       Punch             |     3 |     5 |     3 ||    11
       War axe           |       |       |    72 ||    72
Throw: Stone             |     4 |     4 |    20 ||    28
       Dart              |       |       |     2 ||     2
       Throwing net      |       |       |     2 ||     2
 Cast: Poisonous Vapours |       |    21 |    75 ||    96
       Blink             |       |     1 |     3 ||     4
  Use: Potion            |       |     1 |     2 ||     3
       Scroll            |       |       |     5 ||     5
 Stab: Held in net/web   |       |       |     4 ||     4
       Sleeping          |       |       |     2 ||     2
Armor: Robe              |    22 |       |       ||    22
       Chain mail        |    22 |    36 |       ||    58
       Animal skin       |       |    34 |     2 ||    36
       Ring mail         |       |     6 |       ||     6
       Leather armour    |       |       |   107 ||   107
Dodge: Dodged            |    80 |   117 |   178 ||   375
